 Dungeon Crawl Stone Soup version 0.30-a0-159-g068b764562 (webtiles) character file.

Game seed: 15341573804504761128

38 Sobieck the Sneak (level 3, -3/21 HPs)
             Began as a Kobold Gladiator on Sept 27, 2022.
             Killed from afar by Natasha (9 damage)
             ... with a magic dart
             ... on level 2 of the Dungeon.
             The game lasted 00:02:04 (963 turns).

Sobieck the Sneak (Kobold Gladiator)                 Turns: 963, Time: 00:02:05

Health: -3/21      AC:  4    Str: 11    XL:     3   Next: 65%
Magic:  3/3        EV: 12    Int:  9    God:
Gold:   70         SH:  0    Dex: 18    Spells: 2/2 levels left

rFire   . . .      SeeInvis .    a - +0 rapier {short}
rCold   . . .      Faith    .    (no shield)
rNeg    . . .      Spirit   .    b - +0 leather armour
rPois   .          Reflect  .    c - +0 helmet
rElec   .          Harm     .    (no cloak)
rCorr   .          Rampage  .    (no gloves)
Will    .....                    (no boots)
Stlth   ++++......               g - amulet of magic regeneration {@e2}
HPRegen 0.07/turn                (no ring)
MPRegen 0.48/turn                (no ring)

@: grasped by roots, hasted and slowed, constricted
A: small, no large weapons, nightstalker 3
a: no special abilities


You were on level 2 of the Dungeon.
You visited 1 branch of the dungeon, and saw 2 of its levels.

You collected 80 gold pieces.
You spent 10 gold pieces at shops.


Innate Abilities, Weirdness & Mutations

You are small and have problems with some larger weapons.
You are completely attuned to the shadows.


   Skills:
 - Level 2.1 Fighting
 - Level 4.0 Short Blades
 - Level 2.1 Throwing
 - Level 3.6 Dodging
 + Level 4.4 Stealth


You had 2 spell levels left.
You didn't know any spells.
Your spell library contained the following spells:

 Spells                   Type           Power      Damage    Failure   Level
 Lee's Rapid Deconstruct  Erth           0%         3d5*      100%        5
 Conjure Ball Lightning   Conj/Air       0%         3x3d6     100%        6
 Statue Form              Tmut/Erth      0%         N/A       100%        6

Inventory:

Hand Weapons
 a - a +0 rapier (weapon) {short}
 h - a +1 whip of draining {mace}
   (You took it off a gnoll on level 1 of the Dungeon)
Missiles
 d - 4 throwing nets (quivered) {=f!fthrowing}
 e - 2 boomerangs {throwing}
Armour
 b - a +0 leather armour (worn)
 c - a +0 helmet (worn)
 i - a +0 leather armour
   (You found it on level 1 of the Dungeon)
 k - a +0 scale mail
   (You found it on level 1 of the Dungeon)
 m - a +0 ring mail
   (You found it on level 1 of the Dungeon)
Jewellery
 g - an amulet of magic regeneration (around neck) {@e2}
   (You found it on level 1 of the Dungeon)
Scrolls
 o - a scroll of noise {!r}
Potions
 f - 3 potions of curing {unknown}
 l - a potion of mutation {unknown}

Dungeon Overview and Level Annotations

Branches:
Dungeon (2/15) Zot: 11036

Altars:

Shops:
D:1 ?

Annotations:
D:2 Natasha

#.#####
#.#
#######.#
....#...#
.......###
....>...#
........#
....l...#
....h@.†#
....B...#
.....!..#
.......##
#.....#..
##.###..##
#. .#.


You could see Natasha (fast), a giant cockroach and a frilled lizard.


Message History

You impale the gnoll!!
You kill the gnoll!
The bat hits you but does no damage.
Your Stealth skill increases to level 4!
Unknown command.
You hit the bat. The bat closely misses you.
The bat hits you but does no damage. The bat completely misses you.
You puncture the bat!
You kill the bat!
No target in view!
There is an open door here.
Done exploring.
Done exploring.
(D) Dungeon
Where to? (? - help)
There is a stone staircase leading down here.
You climb downwards.
There is a stone staircase leading up here.
Unknown command.
Unknown command.
Unknown command.
d - 4 throwing nets {=f!fthrowing} (gained 1)
A ball python comes into view.
Danger!
The ball python hisses angrily.
The ball python misses you. The ball python barely misses you.
You hit the ball python. The ball python bites you.
The ball python completely misses you.
You hit the ball python. The ball python closely misses you.
The ball python grabs you. The ball python constricts you.
You closely miss the ball python. Your punch misses the ball python.
The ball python closely misses you. The ball python constricts you.
The ball python barely misses you. The ball python constricts you.
You closely miss the ball python. The ball python bites you.
The ball python constricts you.
You are too injured to fight recklessly!
You are too injured to fight recklessly!
Unknown command.
You hit the ball python.
You kill the ball python!
You see here a ball python corpse.
You start resting.
Unknown command.
Found a stone staircase leading down.
A worm comes into view.
Danger!
The helpless worm fails to defend itself.
You impale the worm!!
You kill the worm!
Unknown command.
You see here a worm corpse.
You now have 70 gold pieces (gained 9).
Natasha, Servant of Life and Death comes into view.
She is carrying a wand of roots (7).
Natasha hisses angrily.
Natasha drinks a potion.
Natasha seems to speed up.
You see here a puce potion.
Danger!
A frilled lizard and a giant cockroach come into view.
The frilled lizard hisses angrily.
Unknown command.
You closely miss Natasha. Natasha barely misses you.
Unknown command.
You closely miss Natasha. Natasha claws you.
Natasha zaps a wand.
The roots erupt in riotous growth!
The grasping roots grab you!
Natasha is unaffected.
The giant cockroach is unaffected.
The grasping roots constrict you. The giant cockroach closely misses you.
You hear a shout! x2; You hear an angry hiss.
You hear a shout! x8
You escape the roots grasp.
Natasha claws you.
Unknown command.
Unknown command.
As you read the scroll labelled QIWKULE DUCEV, it crumbles to dust.
Your body is wracked with pain!
* * * LOW HITPOINT WARNING * * *
Natasha convulses!
The giant cockroach convulses!
It was a scroll of torment.
The giant cockroach misses you.
Natasha stares at you and mumbles some strange words.
You resist with significant effort.
You feel yourself speed up.
Natasha stares at you and mumbles some strange words.
You feel yourself slow down. The giant cockroach barely misses you.
Natasha zaps a wand.
The roots erupt in riotous growth!
The grasping roots grab you!
The giant cockroach is unaffected.
Natasha is unaffected.
The grasping roots constrict you.
* * * LOW HITPOINT WARNING * * *
You hear a shout!
Unknown command.
You hit Natasha. The giant cockroach bites you.
* * * LOW HITPOINT WARNING * * *
Natasha stares at you and mumbles some strange words.
The magic dart hits you!
You die...

Skill      XL: |  1  2  3 |
---------------+----------+-----
Stealth        | 3 4 |  4.4
Fighting       | |  2.1
Short Blades   | |  4.0
Throwing       | |  2.1
Dodging        | |  3.6

Action                   || total
-------------------------++-------
Melee: Rapier            ||    28
  Use: Scroll            ||     1
       Potion            ||     1
 Stab: Sleeping          ||    10
Armor: Leather armour    ||     2
Dodge: Dodged            ||    18

Levels and vault maps discovered:
D:1:      minmay_arrival_three_doors, layout_basic, serial_shops,
          nicolae_shop_behind_doors, basic_ecumenical_altar, minmay_hedge_maze,
          minmay_misc_feat_pillars
D:2:      layout_rooms, serial_rivers, chequers_serial_rivers_large_a,
          chequers_serial_rivers_micro_c, chequers_serial_rivers_micro_e,
          chequers_serial_rivers_small_b, chequers_serial_rivers_micro_a,
          chequers_serial_rivers_small_3, minmay_circled_x, uniq_robin,
          uniq_crazy_yiuf_cottage, uniq_natasha, uniq_terence

Notes
Turn   | Place    | Note
-------+----------+-------------------------------------------
     0 | D:1      | Sobieck the Kobold Gladiator began the quest for the Orb.
     0 | D:1      | Reached XP level 1. HP: 12/12 MP: 1/1
    42 | D:1      | You add the spells Lee's Rapid Deconstruction, Conjure Ball
                  | Lightning and Statue Form to your library.
    42 | D:1      | Got the Collected Works on Iron Ozone
    52 | D:1      | Reached skill level 1 in Stealth
    59 | D:1      | Reached skill level 3 in Stealth
    59 | D:1      | Reached XP level 2. HP: 17/17 MP: 2/2
   485 | D:1      | Reached XP level 3. HP: 19/21 MP: 3/3
   671 | D:1      | Found a faded altar of an unknown god.
   714 | D:1      | Found Guituzugh's Magic Scroll Shop.
   717 | D:1      | Bought a scroll of noise for 10 gold pieces
   745 | D:1      | Reached skill level 4 in Stealth
   956 | D:2      | Noticed Natasha
   963 | D:2      | Killed from afar by Natasha

Vanquished Creatures
  2 gnolls (D:1)
  A worm (D:2)
  A bat (D:1)
  3 endoplasms (D:1)
  A goblin (D:1)
  A hobgoblin (D:1)
  A quokka (D:1)
  2 ball pythons
  3 rats (D:1)
15 creatures vanquished.

Table legend:
 A = Non-vault XP
 B = Vault XP
 C = Vault XP percentage of total XP
 D = Non-vault monster count
 E = Vault monster count
 F = Vault count percentage of total count
                 A         B        C        D         E       F
            +---------+---------+-------+---------+---------+-------
      Total |      55 |       0 |   0.0 |      15 |       0 |   0.0
            +---------+---------+-------+---------+---------+-------
        D:1 |      48 |       0 |   0.0 |      13 |       0 |   0.0
        D:2 |       7 |       0 |   0.0 |       2 |       0 |   0.0
            +---------+---------+-------+---------+---------+-------

Illustrated notes

Table legend:
 A = Kills in this place as a percentage of kills in entire the game.
 B = Kills by you in this place as a percentage of kills by you in the entire game.
 C = Kills by friends in this place as a percentage of kills by friends in the entire game.
 D = Other kills in this place as a percentage of other kills in the entire game.
 E = Experience gained in this place as a percentage of experience gained in the entire game.
 F = Experience gained in this place divided by the number of levels of this place that you have seen.
                   A       B       C       D       E      F
               +-------+-------+-------+-------+-------+----------------------
         Total | 100.0 | 100.0 |   N/A |   N/A | 100.0 |  27.5
       Dungeon | 100.0 | 100.0 |   N/A |   N/A | 100.0 |  27.5
               +-------+-------+-------+-------+-------+----------------------

Table legend: (Time is in decaauts)
 A = Elapsed time spent in this place.
 B = Non-inter-level travel time spent in this place.
 C = Inter-level travel time spent in this place.
 D = Time resting spent in this place.
 E = Time spent auto-exploring this place.
 F = Levels seen in this place.
 G = Mean time per level.
                   A        B        C        D        E       F      G
               +--------+--------+--------+--------+--------+-----+--------+
         Total |    962 |    948 |     14 |    199 |    633 |   2 |  481.0 |
       Dungeon |    962 |    948 |     14 |    199 |    633 |   2 |  481.0 |
               +--------+--------+--------+--------+--------+-----+--------+

Top non-repeatable levels by time:
     D:1: 853 daAuts
     D:2: 109 daAuts
